 Dungeon Crawl Stone Soup version 0.30-a0-639-g3916f1956a (webtiles) character file.

Game seed: 6617083477011737305

182 wormed the Digger (level 5, -1/37 HPs)
             Began as a Gnoll Earth Elementalist on Jan 16, 2023.
             Slain by a gnoll
             ... wielding a +0 halberd
              (13 damage)
             ... on level 4 of the Dungeon.
             The game lasted 00:03:46 (2631 turns).

wormed the Digger (Gnoll Earth Elementalist)        Turns: 2631, Time: 00:03:47

Health: -1/37      AC:  4    Str:  7    XL:     5   Next: 62%
Magic:  1/12       EV: 14    Int: 16    God:
Gold:   169        SH:  0    Dex: 16    Spells: 10/14 levels left

rFire   x . .      SeeInvis .    h - +0 rapier "Kiotog" {elec, rF- Dex+3}
rCold   . . .      Faith    .    (no shield)
rNeg    . . .      Spirit   .    a - +1 robe
rPois   .          Reflect  .    (no helmet)
rElec   .          Harm     .    k - +0 cloak
rCorr   .          Rampage  .    (no gloves)
Will    .....                    (no boots)
Stlth   +++                      g - amulet of regeneration
HPRegen 1.06/turn                (no ring)
MPRegen 0.13/turn                (no ring)

@: no status effects
A: fangs 1, strong nose, distributed training
a: no special abilities


You were on level 4 of the Dungeon.
You visited 1 branch of the dungeon, and saw 4 of its levels.

You collected 191 gold pieces.
You spent 22 gold pieces at shops.

Inventory:

Hand Weapons
 h - the +0 rapier "Kiotog" (weapon) {elec, rF- Dex+3}
   (You found it on level 2 of the Dungeon)

   Dex:       It affects your dexterity (+3).
   rF:        It makes you vulnerable to fire.
Missiles
 q - 5 poisoned darts
Armour
 a - a +1 robe (worn)
 k - a +0 cloak (worn)
 m - the +6 chain mail of Midnight {Regen+}
   (You found it on level 2 of the Dungeon)

   Regen:     It increases your rate of health regeneration.
Jewellery
 d - an amulet of the acrobat
 g - an amulet of regeneration (around neck)
Scrolls
 c - 3 scrolls of identify
Potions
 b - a potion of magic
 e - 2 potions of curing {unknown}
 f - a potion of brilliance {unknown}
 i - 2 potions of haste {unknown}
 j - a potion of attraction {unknown}
 l - a potion of heal wounds {unknown}
 n - a potion of degeneration {unknown}
 o - a potion of might {unknown}
 p - 2 potions of ambrosia {unknown}
 r - a potion of lignification {unknown}
 t - a potion of flight {unknown}


   Skills:
 + Level 1.6 Fighting
 + Level 1.6 Short Blades
 + Level 1.6 Long Blades
 + Level 1.6 Axes
 + Level 1.6 Maces & Flails
 + Level 1.6 Polearms
 + Level 1.6 Staves
 + Level 1.6 Ranged Weapons
 + Level 1.6 Throwing
 + Level 1.6 Armour
 + Level 4.8 Dodging
 + Level 4.4 Stealth
 + Level 1.6 Shields
 + Level 1.6 Unarmed Combat
 + Level 5.2 Spellcasting
 + Level 1.3 Conjurations
 + Level 1.3 Hexes
 + Level 1.3 Summonings
 + Level 1.3 Necromancy
 + Level 1.3 Translocations
 + Level 2.4 Transmutations
 + Level 1.3 Fire Magic
 + Level 1.3 Ice Magic
 + Level 1.3 Air Magic
 + Level 5.6 Earth Magic
 + Level 1.3 Poison Magic
 + Level 1.8 Invocations
 + Level 1.6 Evocations


You had 10 spell levels left.
You knew the following spells:

 Your Spells              Type           Power      Damage    Failure   Level
a - Sandblast             Erth           44%        2d11      1%          1
b - Stone Arrow           Conj/Erth      30%        3d8       11%         3

Your spell library contained the following spells:

 Spells                   Type           Power      Damage    Failure   Level
 Passwall                 Tmut/Erth      14%        N/A       4%          2
 Petrify                  Tmut/Erth      17%        N/A       28%         4


Dungeon Overview and Level Annotations

Branches:
Dungeon (4/15)
 Temple: D:4-7

Altars:
Trog
Vehumet
The Shining One

Shops:
D:2 ?


Innate Abilities, Weirdness & Mutations

You have very sharp teeth.
Your uncanny sense of smell can sniff out nearby items.
Your experience applies equally to all skills.


Message History

The scorpion barely misses you.
Casting: Sandblast (safe; 1% risk of failure)
Confirm with . or Enter, or press ? or * to list all spells.
You don't have enough magic to cast this spell.
You hit the scorpion.
The scorpion is lightly wounded.
The scorpion barely misses you.
You hit the scorpion.
The scorpion is moderately wounded.
The scorpion barely misses you.
The gnoll hits you from afar with a +0 halberd!
You hit the scorpion but do no damage. Lightning courses through the scorpion!
You kill the scorpion!
The gnoll barely misses you.
Casting: Sandblast (safe; 1% risk of failure)
Confirm with . or Enter, or press ? or * to list all spells.
Aiming: Sandblast (safe; 1% risk of failure)
Press: ? - help, Shift-Dir - straight line, f - gnoll
Aim: a gnoll, wielding a +0 halberd (85% to hit)
The blast of sand hits the gnoll!
The gnoll is severely wounded.
The gnoll hits you from afar with a +0 halberd.
The gnoll hits you with a +0 halberd.
You see here a +0 whip.
You closely miss the gnoll. You bite the gnoll, but do no damage.
The gnoll is severely wounded.
The gnoll hits you with a +0 halberd!
* * * LOW HITPOINT WARNING * * *
Casting: Sandblast (safe; 1% risk of failure)
Confirm with . or Enter, or press ? or * to list all spells.
Aiming: Sandblast (safe; 1% risk of failure)
Press: ? - help, Shift-Dir - straight line, f/p - gnoll
Aim: a gnoll, wielding a +0 halberd (severely wounded, 85% to hit)
The blast of sand hits the gnoll.
The gnoll is almost dead.
The gnoll misses you. The gnoll closely misses you.
You hit the gnoll but do no damage.
The gnoll is almost dead.
The gnoll hits you with a +0 halberd!
You die...

######
#....#######)#
#....##..@g).#
#....##.####.#
#....#..#
#......## .#
#....######..##
#..............
#..............
###.#..######..
#.#..#


You could see a gnoll.

Vanquished Creatures
  A scorpion (D:4)
  3 gnolls (D:4)
  3 adders (D:3)
  3 worms (D:3)
  A dart slug (D:2)
  7 endoplasms
  2 giant cockroaches
  8 goblins
  9 hobgoblins
  4 kobolds
  3 quokkas
  5 bats
  4 frilled lizards
  6 rats
59 creatures vanquished.

Notes
Turn   | Place    | Note
-------+----------+-------------------------------------------
     0 | D:1      | wormed the Gnoll Earth Elementalist began the quest for the
                  | Orb.
     0 | D:1      | Reached XP level 1. HP: 13/13 MP: 6/6
   423 | D:1      | Reached XP level 2. HP: 19/19 MP: 5/7
  1087 | D:2      | Identified the +0 rapier "Kiotog" {elec, rF- Dex+3}
  1202 | D:2      | Reached skill level 5 in Spellcasting
  1202 | D:2      | Reached XP level 3. HP: 25/25 MP: 6/9
  1251 | D:2      | Found Sicuaj's Magic Scroll Boutique.
  1267 | D:2      | Bought a scroll of identify for 22 gold pieces
  1328 | D:2      | Identified the +6 chain mail of Midnight {Regen+}
  1434 | D:2      | Reached skill level 1 in Invocations
  1583 | D:2      | Found a radiant altar of Vehumet.
  1658 | D:2      | Learned a level 3 spell: Stone Arrow
  1862 | D:3      | Reached skill level 1 in Fighting
  1862 | D:3      | Reached skill level 1 in Short Blades
  1862 | D:3      | Reached skill level 1 in Long Blades
  1862 | D:3      | Reached skill level 1 in Axes
  1862 | D:3      | Reached skill level 1 in Maces & Flails
  1862 | D:3      | Reached skill level 1 in Polearms
  1862 | D:3      | Reached skill level 1 in Staves
  1862 | D:3      | Reached skill level 1 in Ranged Weapons
  1862 | D:3      | Reached skill level 1 in Throwing
  1862 | D:3      | Reached skill level 1 in Armour
  1862 | D:3      | Reached skill level 1 in Shields
  1862 | D:3      | Reached skill level 1 in Unarmed Combat
  1862 | D:3      | Reached skill level 1 in Evocations
  2023 | D:3      | Reached XP level 4. HP: 32/32 MP: 9/11
  2068 | D:3      | Found a bloodstained altar of Trog.
  2071 | D:3      | Found a glowing golden altar of the Shining One.
  2121 | D:3      | Reached skill level 1 in Conjurations
  2121 | D:3      | Reached skill level 1 in Hexes
  2121 | D:3      | Reached skill level 1 in Summonings
  2121 | D:3      | Reached skill level 1 in Necromancy
  2121 | D:3      | Reached skill level 1 in Translocations
  2121 | D:3      | Reached skill level 1 in Fire Magic
  2121 | D:3      | Reached skill level 1 in Ice Magic
  2121 | D:3      | Reached skill level 1 in Air Magic
  2121 | D:3      | Reached skill level 1 in Poison Magic
  2619 | D:4      | Reached XP level 5. HP: 37/37 MP: 4/12
  2631 | D:4      | Slain by a gnoll

Illustrated notes

Levels and vault maps discovered:
D:1:      dpeg_arrival_shrine, layout_basic
D:2:      cheibrodos_greedy_goblins, layout_basic, serial_shops, shop,
          basic_altar
D:3:      layout_rooms, jmf_multi_god_temple, minmay_tree_intersection
D:4:      layout_rooms, nrook_mini_vaults, minmay_goblin_outpost, uniq_edmund

Skill      XL: |  1  2  3  4 |
---------------+-------------+-----
Transmutations | 2 |  2.4
Spellcasting   | 5 |  5.2
Invocations    | 1 |  1.8
Fighting       | 1 |  1.6
Short Blades   | 1 |  1.6
Long Blades    | 1 |  1.6
Axes           | 1 |  1.6
Maces & Flails | 1 |  1.6
Polearms       | 1 |  1.6
Staves         | 1 |  1.6
Ranged Weapons | 1 |  1.6
Throwing       | 1 |  1.6
Armour         | 1 |  1.6
Shields        | 1 |  1.6
Unarmed Combat | 1 |  1.6
Evocations     | 1 |  1.6
Conjurations   | 1 |  1.3
Hexes          | 1 |  1.3
Summonings     | 1 |  1.3
Necromancy     | 1 |  1.3
Translocations | 1 |  1.3
Fire Magic     | 1 |  1.3
Ice Magic      | 1 |  1.3
Air Magic      | 1 |  1.3
Poison Magic   | 1 |  1.3
Dodging        | |  4.8
Stealth        | |  4.4
Earth Magic    | |  5.6

Action                   |  1- 3 |  4- 6 || total
-------------------------+-------+-------++-------
Melee: Rapier            |     1 |     7 ||     8
       Bite              |       |     2 ||     2
 Cast: Sandblast         |    53 |    24 ||    77
       Stone Arrow       |       |     2 ||     2
  Use: Scroll            |     3 |     2 ||     5
Armor: Robe              |     5 |     1 ||     6
Dodge: Dodged            |     5 |     9 ||    14

Table legend: (Time is in decaauts)
 A = Elapsed time spent in this place.
 B = Non-inter-level travel time spent in this place.
 C = Inter-level travel time spent in this place.
 D = Time resting spent in this place.
 E = Time spent auto-exploring this place.
 F = Levels seen in this place.
 G = Mean time per level.
                   A        B        C        D        E       F      G
               +--------+--------+--------+--------+--------+-----+--------+
         Total |   2672 |   2570 |    102 |      3 |   2173 |   4 |  668.0 |
       Dungeon |   2672 |   2570 |    102 |      3 |   2173 |   4 |  668.0 |
               +--------+--------+--------+--------+--------+-----+--------+

Top non-repeatable levels by time:
     D:1: 1002 daAuts
     D:2: 917 daAuts
     D:3: 723 daAuts
     D:4: 29 daAuts
